 Dungeon Crawl Stone Soup version 0.31-a0-1074-g0b22e4e0f1 (webtiles) character file.

Game seed: 3930335247005414633

20 bmb222 the Sneak (level 2, -3/24 HPs)
             Began as a Demonspawn Delver on Dec 1, 2023.
             Slain by an orc
             ... wielding a +0 hand axe
              (7 damage)
             ... on level 3 of the Dungeon.
             The game lasted 00:01:25 (339 turns).

bmb222 the Sneak (Demonspawn Delver)                 Turns: 339, Time: 00:01:26

Health: -3/24      AC:  4    Str: 12    XL:     2   Next: 58%
Magic:  2/2        EV: 11    Int: 11    God:
Gold:   12         SH:  0    Dex: 14    Spells: 1/1 levels left

rFire   . . .        a - +0 short sword
rCold   . . .        (no shield)
rNeg    . . .        b - +0 leather armour
rPois   .            (no helmet)
rElec   .            (no cloak)
rCorr   .            (no gloves)
SInv    .            h - +0 pair of boots
Will    +....        (no amulet)
Stlth   +++          (no ring)
HPRegen 0.24/turn    (no ring)
MPRegen 0.08/turn

%: no passive effects
@: enlightened, flying
A: ignite blood 1
a: no special abilities


You were on level 3 of the Dungeon.
You visited 1 branch of the dungeon, and saw 3 of its levels.

You collected 12 gold pieces.

Inventory:

Hand Weapons
 a - a +0 short sword (weapon)
Missiles
 m - 6 poisoned darts
Armour
 b - a +0 leather armour (worn)
 h - a +0 pair of boots (worn)
 j - a +0 ring mail of fire resistance
Jewellery
 l - an amulet of guardian spirit
Wands
 g - a wand of digging (3)
Scrolls
 c - a scroll of fog
 d - a scroll of revelation
 e - a scroll of fear
 k - a scroll of identify {unknown}


   Skills:
 + Level 3.1 Fighting
 + Level 1.9 Short Blades
 + Level 1.9 Dodging
 + Level 5.0 Stealth


You had one spell level left.
You didn't know any spells.
Your spell library was empty.

Dungeon Overview and Level Annotations

Branches:
Dungeon (5/15)
 Temple: D:4-7

Altars:


Innate Abilities, Weirdness & Mutations

Your demonic aura sometimes causes spilled blood to erupt in flames.


Message History

Your extra speed is starting to run out.
An orc is nearby!
The orc closely misses you.
You closely miss the orc. The orc misses you.
You barely miss the orc. You barely miss the orc.
You feel yourself slow down. The orc hits you with a +0 hand axe.
* * * LOW HITPOINT WARNING * * *
You hit the orc.
The orc is lightly wounded.
The orc barely misses you.
You closely miss the orc.
The orc is lightly wounded.
The orc barely misses you.
You barely miss the orc.
The orc is lightly wounded.
The orc hits you with a +0 hand axe.
* * * LOW HITPOINT WARNING * * *
You hit the orc.
The orc is heavily wounded.
The orc barely misses you.
You barely miss the orc.
The orc is heavily wounded.
The orc completely misses you.
It was a potion of enlightenment.
You feel very buoyant.
You fly up into the air.
The orc barely misses you.
You hit the orc but do no damage.
The orc is heavily wounded.
You barely miss the orc.
The orc is heavily wounded.
The orc hits you but does no damage.
You completely miss the orc.
The orc is heavily wounded.
The orc barely misses you.
You hit the orc but do no damage. You punch the orc, but do no damage.
The orc is heavily wounded.
The orc hits you with a +0 hand axe!
You die...

#..####.o..o..J.####
#.......####........
#......## ###...###
#.....## ###.#
#.....### #J###
#.......## #....
###g###o.# ####. #o#
##o### #. #@# #.))##
#. #.# ###..# #. #.#
##.## #. #.#### #..#
##. #....#####.##
##)J ####...###..#
#..$ ###..###.###J..
###)###.......
#..>..........


You could see an orc and a goblin.

Vanquished Creatures
  An adder (D:5)
  2 orcs (D:3)
  A ball python (D:3)
  A bat (D:3)
  A quokka (D:5)
  2 kobolds (D:3)
8 creatures vanquished.

Notes
Turn   | Place    | Note
-------+----------+-------------------------------------------
     0 | D:5      | bmb222 the Demonspawn Delver began the quest for the Orb.
     0 | D:5      | Reached XP level 1. HP: 18/18 MP: 1/1
    58 | D:5      | Noticed an orc priest
   113 | D:5      | Gained mutation: Your demonic aura sometimes causes spilled
                  | blood to erupt in flames. [demonic ancestry]
   113 | D:5      | Reached XP level 2. HP: 18/24 MP: 2/2
   263 | D:3      | Reached skill level 5 in Stealth
   271 | D:3      | HP: 1/24 [orc/+0 hand axe (3)]
   281 | D:3      | HP: 1/24 [frozen (1)]
   339 | D:3      | Slain by an orc

Illustrated notes

Levels and vault maps discovered:
D:3:      layout_rooms, gammafunk_ghost_gnarly_gnolls
D:4:      layout_gridville
D:5:      layout_basic, uniq_eustachio, uniq_ijyb, uniq_prince_ribbit1

Skill      XL: |  1  2 |
---------------+-------+-----
Stealth        | 5 |  5.0
Fighting       | |  3.1
Short Blades   | |  1.9
Dodging        | |  1.9

Action                     || total
---------------------------++-------
  Melee: Short sword       ||    48
         Punch             ||     1
    Use: Potion            ||     2
         Scroll            ||     1
   Stab: Sleeping          ||     2
 Armour: Leather armour    ||    31
  Dodge: Dodged            ||    26

Table legend: (Time is in decaauts)
 A = Elapsed time spent in this place.
 B = Non-inter-level travel time spent in this place.
 C = Inter-level travel time spent in this place.
 D = Time resting spent in this place.
 E = Time spent auto-exploring this place.
 F = Levels seen in this place.
 G = Mean time per level.
                   A        B        C        D        E       F      G
               +--------+--------+--------+--------+--------+-----+--------+
         Total |    316 |    316 |      0 |     24 |     44 |   3 |  105.3 |
       Dungeon |    316 |    316 |      0 |     24 |     44 |   3 |  105.3 |
               +--------+--------+--------+--------+--------+-----+--------+

Top non-repeatable levels by time:
     D:5: 211 daAuts
     D:3: 97 daAuts
     D:4: 7 daAuts
